 Dungeon Crawl Stone Soup version 0.30.0 (webtiles) character file.

Game seed: 2772869588105915905

1339 workbot the Chopper (level 8, -8/58 HPs)
             Began as a Human Cinder Acolyte on May 5, 2023.
             Was a High Priest of Ignis.
             Mangled by an ogre
             ... wielding a +0 giant club
              (12 damage)
             ... on level 5 of the Dungeon.
             The game lasted 00:19:18 (5374 turns).

workbot the Chopper (Human Cinder Acolyte)          Turns: 5374, Time: 00:19:19

Health: -8/58      AC: 16    Str: 17    XL:     8   Next: 93%
Magic:  14/14      EV: 10    Int: 14    God:    Ignis [*****.]
Gold:   303        SH:  0    Dex:  9    Spells: 14/16 levels left

rFire   + . .        a - -1 hand axe (flame)
rCold   . . .        (no shield)
rNeg    . . .        l - +0 ring mail
rPois   .            n - +2 helmet
rElec   .            (no cloak)
rCorr   .            e - +2 pair of gloves
SInv    .            j - +0 pair of boots
Will    .....        (no amulet) Stlth
                     h - +4 ring of protection
HPRegen 0.29/turn    i - ring of flight
MPRegen 0.14/turn

%: no passive effects
@: flying
A: claws 1, MP-powered wands
a: Renounce Religion, Fiery Armour, Foxfire Swarm, Rising Flame


You were on level 5 of the Dungeon.
You worshipped Ignis.
Ignis was extremely pleased with you.
You visited 1 branch of the dungeon, and saw 6 of its levels.

You collected 303 gold pieces.

Inventory:

Hand Weapons
 a - a -1 hand axe of flaming (weapon)
Armour
 e - a +2 pair of gloves (worn)
 j - a +0 pair of boots (worn)
 l - a +0 ring mail (worn)
 n - a +2 helmet (worn)
Jewellery
 h - a +4 ring of protection (left hand)
 i - a ring of flight (right hand)
Scrolls
 g - a scroll of magic mapping
 k - a scroll of teleportation
Potions
 b - 3 potions of curing
 c - 2 potions of brilliance
 d - a potion of ambrosia
 f - a potion of haste {unknown}
 m - 2 potions of cancellation
 p - a potion of lignification


   Skills:
 - Level 3.0 Fighting
 * Level 7.9 Axes
 + Level 4.6 Spellcasting
 + Level 5.9 Fire Magic


You had 14 spell levels left.
You knew the following spells:

 Your Spells              Type           Power      Damage    Failure   Level
a - Scorch                Fire           38%        2d7       4%          2

Your spell library contained the following spells:

 Spells                   Type           Power      Damage    Failure   Level
 Freeze                   Ice            12%        1d3       34%         1
 Sandblast                Erth           6%         2d5       34%         1
 Passwall                 Tmut/Erth      2%         N/A       45%         2
 Sublimation of Blood     Necr           3%         N/A       45%         2
 Frozen Ramparts          Ice            6%         1d1       71%         3
 Hailstorm                Conj/Ice       3%         3d3       71%         3
 Stone Arrow              Conj/Erth      6%         3d7       71%         3
 Animate Armour           Summ/Erth      6%         N/A       98%         4
 Petrify                  Tmut/Erth      3%         N/A       98%         4
 Irradiate                Conj/Tmut      1%         3d12      100%        5
 Lehudib's Crystal Spear  Conj/Erth      1%         10d2      100%        8


Dungeon Overview and Level Annotations

Branches:
Dungeon (6/15)             Temple (0/1) D:4

Altars:
Cheibriados


Innate Abilities, Weirdness & Mutations

You have sharp fingernails.
You expend magic power (3 MP) to strengthen your wands.


Message History

You closely miss the ice beast.
You punch the ice beast, but do no damage.
The ice beast is almost dead.
The ice beast hits you but does no damage.
Found a stone staircase leading down.
The ogre attacks as you move away! The ogre hits you with a +0 giant club!
The ogre closely misses you. The ice beast attacks as you move away!
The ice beast barely misses you.
There is an escape hatch in the ceiling here.
The ogre hits you with a +0 giant club!
The ice beast hits you but does no damage.
A mysterious force pulls you upwards. The hatch slams shut behind you.
Casting: Scorch (safe; 4% risk of failure)
Confirm with . or Enter, or press ? or * to list all spells.
You miscast Scorch.
You are very lightly contaminated with residual magic.
Nothing appears to happen.
The ice beast hits you but does no damage.
The ogre barely misses you.
Casting: Scorch (safe; 4% risk of failure)
Confirm with . or Enter, or press ? or * to list all spells.
Flames lash the ice beast.
The ice beast melts!
You kill the ice beast!
Casting: Scorch (safe; 4% risk of failure)
Confirm with . or Enter, or press ? or * to list all spells.
Flames lash the ogre.
The ogre is moderately wounded.
The ogre's fire resistance burns away.
The ogre hits you with a +0 giant club!!
* * * LOW HITPOINT WARNING * * *
As you read the scroll of fear, it crumbles to dust.
You assume a fearsome visage.
The ogre looks frightened!
The ogre prays for help.
Your magical contamination has completely faded away.
You start resting.
An ogre is nearby!
The ogre attacks as you move away! The ogre hits you with a +0 giant club!
* * * LOW HITPOINT WARNING * * *
The ogre hits you with a +0 giant club!
You die...

.........)# #...#
#.# ###.##.##.#
#...####### #.#
#.##.##.#
#.........# #.#
##.......#
##.#.####.# #.#
##.....#####
###.....##.# #.###
...#####...#
#...#.#.##.## #....
#### #.#.#
#(#.........# #####
#.#.# #..O#.......#
#.#.#####@.###.###[#
#.#.......#.##.# #.#
#.######.###...#
#.## ##.# ###.#.####
#..## #..# #.......#
#.#.# ####.####
#.......# ##.##
#.......# #.......#
#.# #.##.##†#
#..>....# #.#
#.##.##.# #....†..#
#.#


You could see an ogre.

Vanquished Creatures
  Edmund (D:5)
  A sky beast (D:6)
  An ice beast (D:5)
  A black bear (D:5)
  9 scorpions
  A hound (D:5)
  A jelly (D:6)
  3 iguanas
  A sleepcap (D:4)
  Ijyb (D:3)
  An orc wizard (D:3)
  A mummy (D:3)
  Robin (D:3)
  A gnoll (D:1)
  8 adders
  An ufetubus (D:5)
  A worm (D:2)
  2 dart slugs (D:2)
  11 orcs
  5 ball pythons
  4 bats
  4 endoplasms
  2 giant cockroaches (D:2)
  13 goblins
  7 hobgoblins
  4 jackals (D:4)
  6 kobolds
  5 quokkas
  2 frilled lizards
  3 rats
102 creatures vanquished.

Vanquished Creatures (others)
  17 fungi (D:4)
17 creatures vanquished.

Grand Total: 119 creatures vanquished

Notes
Turn   | Place    | Note
-------+----------+-------------------------------------------
     0 | D:1      | workbot the Human Cinder Acolyte began the quest for the
                  | Orb.
     0 | D:1      | Reached XP level 1. HP: 18/18 MP: 2/2
   118 | D:1      | Reached XP level 2. HP: 24/24 MP: 3/3
   122 | D:1      | Learned a level 2 spell: Scorch
   329 | D:1      | Reached XP level 3. HP: 27/29 MP: 2/5
  1286 | D:2      | Reached XP level 4. HP: 35/35 MP: 6/6
  1353 | D:2      | Reached skill level 4 in Axes
  1972 | D:3      | Reached XP level 5. HP: 31/41 MP: 3/8
  2070 | D:3      | Noticed Robin
  2083 | D:3      | Killed Robin
  2444 | D:3      | Found a snail-covered altar of Cheibriados.
  2824 | D:3      | Noticed Ijyb
  2842 | D:3      | Killed Ijyb
  2843 | D:3      | Reached skill level 5 in Axes
  2843 | D:3      | Reached XP level 6. HP: 27/47 MP: 2/9
  3058 | D:4      | Gained mutation: You are frail. (-10% HP) [potion of
                  | mutation]
  3058 | D:4      | Gained mutation: You are weak. (Str -2) [potion of
                  | mutation]
  3058 | D:4      | Gained mutation: You are agile. (Dex +4, Str/Int -1)
                  | [potion of mutation]
  3348 | D:4      | Found a staircase to the Ecumenical Temple.
  3905 | D:4      | Reached XP level 7. HP: 46/46 MP: 6/11
  3918 | D:4      | Reached skill level 6 in Axes
  4045 | D:4      | Reached skill level 5 in Fire Magic
  4314 | D:5      | Entered Level 5 of the Dungeon
  4416 | D:5      | Reached XP level 8. HP: 48/52 MP: 2/13
  4421 | D:5      | Lost mutation: You are agile. (Dex +4, Str/Int -1) [potion
                  | of mutation]
  4421 | D:5      | Lost mutation: You are frail. (-10% HP) [potion of
                  | mutation]
  4421 | D:5      | Gained mutation: You passively dampen the noise of your
                  | surroundings. [potion of mutation]
  4577 | D:5      | Reached skill level 7 in Axes
  4834 | D:5      | Noticed Edmund
  4845 | D:5      | Killed Edmund
  5237 | D:6      | Lost mutation: You passively dampen the noise of your
                  | surroundings. [potion of mutation]
  5237 | D:6      | Lost mutation: You are weak. (Str -2) [potion of mutation]
  5237 | D:6      | Gained mutation: You have sharp fingernails. [potion of
                  | mutation]
  5237 | D:6      | Gained mutation: You expend magic power (3 MP) to
                  | strengthen your wands. [potion of mutation]
  5374 | D:5      | Mangled by an ogre

Illustrated notes

Levels and vault maps discovered:
D:1:      lemuel_arrival_river_bridge, layout_rooms, hangedman_glass_teeth,
          hex_large, chequers_serial_rivers_micro_b,
          corexii_item_surrounded_by_moat
D:2:      layout_basic
D:3:      layout_loops_ring, slow_altar_2, uniq_ijyb, uniq_robin
D:4:      old_forge, layout_basic, minmay_temple_entry_slanted
D:5:      layout_loops_cross, uniq_edmund
D:6:      cheibrodos_thug_alley, layout_rooms,
          mainiacjoe_overflow_cross_hatched, lemuel_coloured_pillars_altar,
          minmay_manual_mares

Skill      XL: |  1  2  3  4  5  6  7  8 |
---------------+-------------------------+-----
Axes           | 4 5 6 7 |  7.9
Spellcasting   | 2 3 4 |  4.6
Fire Magic     | 4 5 |  5.9
Fighting       | |  3.0

Action                     |  1- 3 |  4- 6 |  7- 9 || total
---------------------------+-------+-------+-------++-------
  Melee: Hand axe          |    87 |   128 |    71 ||   286
         Punch             |     1 |     1 |     1 ||     3
   Cast: Scorch            |    16 |    45 |    40 ||   101
  Evoke: Wand              |       |     4 |     4 ||     8
    Use: Scroll            |     1 |     9 |     3 ||    13
         Potion            |     1 |     4 |     9 ||    14
 Armour: Robe              |    18 |       |       ||    18
         Leather armour    |     5 |    15 |       ||    20
         Ring mail         |       |    32 |    73 ||   105
  Dodge: Dodged            |    67 |    69 |    65 ||   201
